 Dungeon Sprint DCSS version 0.29-a0-369-gd956c00756 (webtiles) character file.

Game seed: 3652128295621926517

116 mhtbhm the Cleaver (level 4, -6/72 HPs)
             Began as a Minotaur Berserker on May 1, 2022.
             Was a Believer of Trog.
             Killed by divine providence
             ... invoked by an oklob sapling priest
              (12 damage)
             ... in the Dungeon (Sprint IV: "Fedhas' Mad Dash").
             The game lasted 00:00:35 (542 turns).

mhtbhm the Cleaver (Minotaur Berserker)              Turns: 542, Time: 00:00:36

Health: -6/72      AC:  2    Str: 23    XL:     4   Next: 69%
Magic:  2/3        EV: 12    Int:  4    God:    Trog [**....]
Gold:   51         SH:  0    Dex: 10    Spells: 3/3 levels left

rFire   . . .      SeeInvis .   a - +0 hand axe
rCold   . . .      Faith    .   (no shield)
rNeg    . . .      Spirit   .   b - +0 animal skin
rPois   .          Reflect  .   (helmet restricted)
rElec   .          Harm     .   (no cloak)
rCorr   .          Rampage  .   (no gloves)
Will    .....      NoTele   +   (no boots)
Stlth   ..........              j - amulet of invisibility {+Inv}
HPRegen 0.22/turn               (no ring)
MPRegen 0.08/turn               (no ring)

@: berserking, very slightly contaminated, invisible (expiring), very quick
A: horns 2, retaliatory headbutt
a: Renounce Religion, Evoke Invisibility, Berserk, Trog's Hand


You were in the Dungeon.
You worshipped Trog.
Trog was pleased with you.
You visited 1 branch You collected 51 gold pieces.

Inventory:

Hand Weapons
 a - a +0 hand axe (weapon)
Armour
 b - a +0 animal skin (worn)
Jewellery
 j - the amulet of invisibility (around neck) {+Inv}
   (You found it in the Dungeon)

   [amulet of nothing]

   +Inv:      It lets you turn invisible.
Scrolls
 h - a scroll of blinking
Potions
 c - a potion of curing
 d - a potion of heal wounds
 e - a potion of haste
 f - 2 potions of magic
 g - a potion of berserk rage
 i - a potion of might {unknown}


   Skills:
 + Level 7.7 Fighting
 + Level 8.1 Axes
 + Level 4.2 Armour
 + Level 4.0 Dodging


You had 3 spell levels left.
You didn't know any spells.
Your spell library was empty.

Dungeon Overview and Level Annotations

Branches:
Dungeon (1/1)

Altars:
Cheibriados
Dithmenos
Elyvilon
Gozag
Hepliaklqana
Kikubaaqudgha
Makhleb
Nemelex Xobeh
Okawaru
Qazlal
Ru
Sif Muna
Trog
Uskayaw
Vehumet
Wu Jian
Xom
Yredelemnul
Zin
The Shining One
Beogh
Jiyva
Lugonu

Annotations:
D exclusion: oklob sapling


Innate Abilities, Weirdness & Mutations

You have a pair of horns on your head.
You reflexively headbutt those who attack you in melee.


Message History

Found two altars.
No reachable target in view!
Found three altars.
There is an opulent altar of Gozag here.
Found a corrupted altar of Lugonu and a radiant altar of Vehumet.
There is a hazy altar of Hepliaklqana here.
No reachable target in view!
You hit the oklob sapling priest but do no damage.
You headbutt the oklob sapling priest.
The oklob sapling priest is lightly damaged.
You hit the oklob sapling priest.
The oklob sapling priest is moderately damaged.
The oklob sapling priest spits acid at you.
The splash of acid hits you!!
Ouch! That really hurt!
You are too injured to fight recklessly!
You are too injured to fight recklessly!
You are too injured to fight recklessly!
You are too injured to fight recklessly!
You are too injured to fight recklessly!
You are too injured to fight recklessly!
You are too injured to fight recklessly!
You are too injured to fight recklessly!
You are too injured to fight recklessly!
You are too injured to fight recklessly!
You are too injured to fight recklessly!
A red film seems to cover your vision as you go berserk!
You feel yourself moving faster!
You feel mighty!
You flicker for a moment.
The oklob sapling priest spits acid at you.
The splash of acid hits you!!
* * * LOW HITPOINT WARNING * * *
You catch the helpless oklob sapling priest completely off-guard!
You slash the oklob sapling priest!
The oklob sapling priest is severely damaged.
You hit the oklob sapling priest.
The oklob sapling priest is almost destroyed.
The oklob sapling priest mumbles some strange prayers to its god against you.
Something smites you!
You die...

########################
....#.....#.⌠._._._._.⌠.
(...'.#.(.'.._._@_._._..
....#.#...#..._._P_._...
########'##.._._._._._..
+...#._._._._._.⌠.
#...############## #####


You could see an oklob sapling priest (can't see you).

Vanquished Creatures
  A scorpion (D)
  2 oklob saplings (D)
  A river rat (D)
  A rat (D)
5 creatures vanquished.

Vanquished Creatures (others)
  2 fungi (D)
2 creatures vanquished.

Grand Total: 7 creatures vanquished

Notes
Turn   | Place    | Note
-------+----------+-------------------------------------------
     0 | D        | mhtbhm the Minotaur Berserker began the quest for the Orb.
     0 | D        | Reached XP level 1. HP: 19/19 MP: 0/0
     8 | D        | Reached skill level 4 in Axes
     8 | D        | Reached XP level 2. HP: 28/28 MP: 1/1
   149 | D        | Noticed an oklob sapling
   151 | D        | Killed an oklob sapling
   151 | D        | Reached ** piety under Trog
   152 | D        | Reached skill level 5 in Fighting
   152 | D        | Reached skill level 6 in Axes
   152 | D        | Reached XP level 3. HP: 37/37 MP: 2/2
   295 | D        | Noticed a scorpion
   295 | D        | Found the amulet of invisibility {+Inv}
   301 | D        | Killed a scorpion
   302 | D        | Reached skill level 7 in Axes
   302 | D        | Reached XP level 4. HP: 47/47 MP: 3/3
   464 | D        | Reached skill level 8 in Axes
   530 | D        | Found an opulent altar of Gozag.
   530 | D        | Found a hazy altar of Hepliaklqana.
   530 | D        | Found a burning altar of Makhleb.
   530 | D        | Found a sparkling altar of Nemelex Xobeh.
   530 | D        | Found a snail-covered altar of Cheibriados.
   530 | D        | Found a sacrificial altar of Ru.
   530 | D        | Found a shimmering blue altar of Sif Muna.
   530 | D        | Found a shimmering altar of Xom.
   530 | D        | Found a basalt altar of Yredelemnul.
   531 | D        | Found a viscous altar of Jiyva.
   531 | D        | Found a bloodstained altar of Trog.
   531 | D        | Found an ornate altar of the Wu Jian Council.
   532 | D        | Found an iron altar of Okawaru.
   532 | D        | Found a shadowy altar of Dithmenos.
   532 | D        | Found a glowing silver altar of Zin.
   533 | D        | Found an ancient bone altar of Kikubaaqudgha.
   533 | D        | Found a hide-covered altar of Uskayaw.
   534 | D        | Found a stormy altar of Qazlal.
   534 | D        | Found a white marble altar of Elyvilon.
   534 | D        | Found a glowing golden altar of the Shining One.
   535 | D        | Found a corrupted altar of Lugonu.
   535 | D        | Found a radiant altar of Vehumet.
   542 | D        | Killed from afar by an oklob sapling priest

Illustrated notes

Levels and vault maps discovered:
D:        dungeon_sprint_fedhas [sprint_temple]

Skill      XL: |  1  2  3  4 |
---------------+-------------+-----
Fighting       | 4 5 7 |  7.7
Axes           | 4 6 7 8 |  8.1
Armour         | 3 4 |  4.2
Dodging        | 3 4 |  4.0

Action                   |  1- 3 |  4- 6 || total
-------------------------+-------+-------++-------
Melee: Hand axe          |    10 |     9 ||    19
       Headbutt          |     3 |     3 ||     6
Invok: Berserk           |     3 |     1 ||     4
 Abil: Evoke Invisibilit |       |     1 ||     1
 Stab: Invisible         |       |     1 ||     1
Armor: Animal skin       |     1 |       ||     1
Dodge: Dodged            |     2 |       ||     2

Table legend: (Time is in decaauts)
 A = Elapsed time spent in this place.
 B = Non-inter-level travel time spent in this place.
 C = Inter-level travel time spent in this place.
 D = Time resting spent in this place.
 E = Time spent auto-exploring this place.
 F = Levels seen in this place.
 G = Mean time per level.
                   A        B        C        D        E       F      G
               +--------+--------+--------+--------+--------+-----+--------+
         Total |    572 |    572 |      0 |    484 |      3 |   1 |  572.0 |
       Dungeon |    572 |    572 |      0 |    484 |      3 |   1 |  572.0 |
               +--------+--------+--------+--------+--------+-----+--------+

Top non-repeatable levels by time:
       D: 572 daAuts
